 Dungeon Sprint DCSS version 0.29.1-15-g9cfb28693d (webtiles) character file.

Game seed: 2887957004874085818

14887 Groucho the Imperceptible (level 11, -1/64 HPs)
             Began as a Felid Fighter on Apr 5, 2023.
             Was a Follower of Uskayaw.
             Slain by a merfolk impaler
             ... wielding a +0 trident
              (14 damage)
             ... in the Dungeon (Sprint IX: "|||||||||||||||||||||||||||||").
             The game lasted 00:16:40 (9393 turns).

Groucho the Imperceptible (Felid Fighter)           Turns: 9393, Time: 00:16:41

Health: -1/64      AC:  3    Str: 20    XL:     11   Next: 94%
Magic:  24/24      EV: 39    Int: 11    God:    Uskayaw [*.....]
Gold:   640        SH:  0    Dex: 21    Spells: 10/10 levels left
                                        Lives:  0   Deaths: 4

rFire   . . .      SeeInvis +     - Unarmed
rCold   + . .      Faith    .   (shield unavailable)
rNeg    . . .      Spirit   .   (body armour unavailable)
rPois   .          Reflect  .   (helmet unavailable)
rElec   .          Harm     .   (cloak unavailable)
rCorr   .          Rampage  .   (gloves unavailable)
Will    +....      NoTele   +   (boots unavailable)
Stlth   +++++++++.              (no amulet)
HPRegen 0.20/turn               f - ring of Ciuj {Str+4 Dex+6}
MPRegen 0.19/turn               s - +4 ring of slaying

@: quick
A: very small, claws 1, fangs 3, see invisible, speed 1, shaggy fur 3, stealthy
paws, no weapons or thrown items, no armour, multi-lived
a: Renounce Religion, Stomp


You were in the Dungeon.
You worshipped Uskayaw.
Uskayaw was most pleased with you.
You visited 1 branch You collected 1934 gold pieces.
You spent 1294 gold pieces at shops.

Inventory:

Jewellery
 f - the ring of Ciuj (left paw) {Str+4 Dex+6}
   (You bought it in a shop in the Dungeon)

   [ring of dexterity]

   Str:       It affects your strength (+4).
   Dex:       It affects your dexterity (+6).
 j - a +2 ring of evasion
 k - a +2 ring of protection
 n - a ring of protection from fire
 o - a ring of protection from cold
 p - a ring of protection from cold
 q - a ring of willpower
 s - a +4 ring of slaying (right paw)
Wands
 i - a wand of acid (10)
 t - a wand of paralysis (5)
 u - a wand of roots (3)
Scrolls
 g - 2 scrolls of blinking
 h - 2 scrolls of amnesia
 m - a scroll of identify
 r - a scroll of summoning
Potions
 a - 2 potions of might
 b - a potion of curing
 c - a potion of haste
 d - a potion of mutation
 e - 5 potions of magic
 l - a potion of resistance


   Skills:
 + Level 17.7 Fighting
 + Level 22.4 Dodging
 + Level 23.8 Stealth
 + Level 17.9 Unarmed Combat
 + Level 16.9 Invocations


You had 10 spell levels left.
You didn't know any spells.
Your spell library was empty.

Dungeon Overview and Level Annotations

Branches:
Dungeon (1/1)

Altars:
Cheibriados
Dithmenos
Elyvilon
Fedhas
Gozag
Hepliaklqana
Kikubaaqudgha
Makhleb
Nemelex Xobeh
Okawaru
Qazlal
Ru
Sif Muna
Trog
Uskayaw
Vehumet
Wu Jian
Xom
Yredelemnul
Zin
The Shining One
Jiyva
Lugonu

Shops:
D ==[:


Innate Abilities, Weirdness & Mutations

You have sharp claws.
You have razor-sharp teeth.
You have supernaturally acute eyesight. (SInv)
You cover ground quickly. (Speed+)
Your thick and shaggy fur keeps you warm. (AC +3, rC+)
Your paws help you pounce on unaware monsters.
You are incapable of wielding weapons or throwing items.
You cannot wear armour.
You gain extra lives every three experience levels.


Message History

Things that are here:
a +0 trident; a merfolk corpse You close the door.
Unknown command.
You feel better.
You feel better.
A merfolk javelineer opens the door.
The merfolk javelineer throws a silver javelin.
The silver javelin pierces through you!!
* * * LOW HITPOINT WARNING * * *
x2
There is an open door to the Spider Nest, spattered with blood here.
You mangle the merfolk javelineer!! You bite the merfolk javelineer.
The merfolk javelineer is moderately wounded.
Uskayaw will force your foes to share their pain.
Unknown command.
Aiming: Line Pass
Press: ? - help, Dir - move target The merfolk javelineer appears confused.
The merfolk javelineer misses you.
You catch the helpless merfolk javelineer completely off-guard!
You eviscerate the merfolk javelineer!!!!
You kill the merfolk javelineer!
Uskayaw will force your foes to share their pain.
Unknown command.
Unknown command.
Items here: ( ) [ †.
There is an open door to the Spider Nest, spattered with blood here.
Things that are here:
a +0 trident; a merfolk corpse You close the door.
You start resting.
Magic restored.
You start resting.
A merfolk impaler opens the door.
It is wielding a +0 trident.
A merfolk impaler is nearby!
A merfolk impaler is nearby!
A merfolk impaler is nearby!
A merfolk impaler is nearby!
The merfolk impaler shouts!
The merfolk impaler hits you with a +0 trident!
You die...

▓.▓.▓.▓.▓.▓.▓.▓.▓.
▓.▓.▓'▓.▓[▓.▓.▓.▓.
▓.▓[▓?▓.▓[▓.▓'▓.▓'
▓.▓.▓?▓.▓'▓.▓.▓.▓_
▓.▓.▓.▓.▓.▓.▓.▓.▓_
▓.▓.▓.▓.▓.▓.▓.▓.▓_
▓.▓.▓.▓.▓.▓.▓.▓.▓_
▓m▓.▓.▓.▓.▓.▓.▓.▓_
▓@▓.▓.▓.▓.▓.▓.▓.▓_
♣)♣.▓.▓.▓.▓.▓.▓.▓_
♣.♣.▓.▓.▓.▓.▓.▓.▓_
♣.♣.▓.▓[▓.▓[▓.▓.▓_
♣.♣.▓[▓.▓.▓.▓'▓.▓_
♣.♣.▓[▓[▓.▓.▓.▓.▓_
♣.♣.▓[▓.▓[▓.▓.▓.▓_
♣)♣.▓[▓.▓.▓.▓.▓.▓_
♣.♣.▓[▓.▓[▓.▓.▓.▓_


You could see a merfolk impaler.

Vanquished Creatures
  Agnes (D)
  A frost giant (D)
  An emperor scorpion (D)
  2 stone giants (D)
  An eleionoma (D)
  A bunyip (D)
  3 fire dragons (D)
  An ettin (D)
  2 merfolk javelineers (D)
  An ice dragon (D)
  2 ogre magi (D)
  Erolcha (D)
  2 boulder beetles (D)
  4 hydras (D)
  An anaconda (D)
  A merfolk avatar (D)
  A centaur warrior (D)
  Erica (D)
  2 alligators (D)
  A tengu warrior (D)
  An alligator snapping turtle (D)
  2 shock serpents (D)
  A pharaoh ant (D)
  A spriggan druid (D)
  4 deep trolls (D)
  An orb spider (D)
  A bog body (D)
  A sea snake (D)
  A swamp dragon (D)
  An orc knight (D)
  3 lindwurms (D)
  A deep elf pyromancer (D)
  A mana viper (D)
  A manticore (D)
  An ugly thing (D)
  An oklob plant (D)
  A wolf spider (D)
  Joseph (D)
  A black mamba (D)
  A torpor snail (D)
  2 cane toads (D)
  2 naga magi (D)
  A komodo dragon (D)
  A demonic crawler (D)
  7 trolls (D)
  A tengu conjurer (D)
  3 merfolk (D)
  A hornet (D)
  A polar bear (D)
  2 tyrant leeches (D)
  2 slime creatures (D)
  A dream sheep (D)
  2 culicivoras (D)
  A shadow (D)
  A jumping spider (D)
  A wyvern (D)
  A wraith (D)
  2 basilisks (D)
  5 yaks (D)
  A basilisk (shapeshifter) (D)
  2 redbacks (D)
  2 nagas (D)
  3 water moccasins (D)
  12 orc warriors (D)
  A centaur (D)
  3 bullfrogs (D)
  A scorpion (D)
  A hound (D)
  3 orc priests (D)
  An iguana (D)
  2 orc wizards (D)
  3 worms (D)
  2 dart slugs (D)
  9 orcs (D)
  A giant cockroach (D)
  A bat (D)
  A rat (D)
142 creatures vanquished.

Vanquished Creatures (others)
  A spriggan (D)
  A bloated husk (D)
  A hornet (D)
3 creatures vanquished.

Grand Total: 145 creatures vanquished

Notes
Turn   | Place    | Note
-------+----------+-------------------------------------------
     0 | D        | Groucho the Felid Fighter began the quest for the Orb.
     0 | D        | Reached XP level 1. HP: 10/10 MP: 2/2
     6 | D        | Reached skill level 1 in Stealth
    10 | D        | Reached skill level 2 in Stealth
    14 | D        | Reached XP level 2. HP: 6/14 MP: 3/3
   415 | D        | Noticed a scorpion
   427 | D        | Reached skill level 5 in Dodging
   427 | D        | Reached skill level 4 in Stealth
   427 | D        | Reached skill level 5 in Unarmed Combat
   427 | D        | Reached XP level 3. HP: 18/18 MP: 4/4
   433 | D        | Killed a scorpion
   434 | D        | Reached skill level 5 in Fighting
   434 | D        | Reached skill level 6 in Stealth
   434 | D        | Reached XP level 4. HP: 23/23 MP: 5/5
   440 | D        | Found a snail-covered altar of Cheibriados.
   440 | D        | Found a shadowy altar of Dithmenos.
   440 | D        | Found a white marble altar of Elyvilon.
   440 | D        | Found a blossoming altar of Fedhas.
   440 | D        | Found an opulent altar of Gozag.
   441 | D        | Found a hazy altar of Hepliaklqana.
   442 | D        | Found a viscous altar of Jiyva.
   443 | D        | Found an ancient bone altar of Kikubaaqudgha.
   444 | D        | Found a corrupted altar of Lugonu.
   445 | D        | Found a burning altar of Makhleb.
   446 | D        | Found a sparkling altar of Nemelex Xobeh.
   447 | D        | Found an iron altar of Okawaru.
   448 | D        | Found a stormy altar of Qazlal.
   449 | D        | Found a sacrificial altar of Ru.
   450 | D        | Found a shimmering blue altar of Sif Muna.
   451 | D        | Found a bloodstained altar of Trog.
   452 | D        | Found a hide-covered altar of Uskayaw.
   453 | D        | Found a radiant altar of Vehumet.
   454 | D        | Found an ornate altar of the Wu Jian Council.
   455 | D        | Found a shimmering altar of Xom.
   456 | D        | Found a basalt altar of Yredelemnul.
   457 | D        | Found a glowing silver altar of Zin.
   458 | D        | Found a glowing golden altar of the Shining One.
   460 | D        | Became a worshipper of Uskayaw the Reveller
   487 | D        | Noticed a hornet
   487 | D        | Noticed a centaur
   487 | D        | Noticed a yak
   487 | D        | Noticed a yak
   487 | D        | Noticed a troll
   487 | D        | Noticed a shadow
   489 | D        | Reached * piety under Uskayaw
   491 | D        | Reached ** piety under Uskayaw
   493 | D        | Killed a shadow
   494 | D        | Reached skill level 8 in Stealth
   494 | D        | Reached XP level 5. HP: 27/28 MP: 5/8
   494 | D        | Gained mutation: You are covered in thick fur. (AC +2)
                  | [Felid growth]
   494 | D        | Reached XP level 6. HP: 30/31 MP: 5/9
   494 | D        | Reached *** piety under Uskayaw
   495 | D        | Killed a troll
   495 | D        | Reached **** piety under Uskayaw
   496 | D        | Reached skill level 10 in Dodging
   496 | D        | Reached skill level 9 in Stealth
   498 | D        | Reached ***** piety under Uskayaw
   499 | D        | Killed a yak
   500 | D        | Reached skill level 10 in Stealth
   500 | D        | Reached skill level 5 in Invocations
   500 | D        | Reached XP level 7. HP: 36/37 MP: 5/12
   501 | D        | Killed a yak
   502 | D        | Reached skill level 11 in Stealth
   505 | D        | Killed a hornet
   506 | D        | Reached XP level 8. HP: 42/42 MP: 5/13
   509 | D        | Noticed a six-headed hydra
   509 | D        | Noticed a six-headed hydra
   509 | D        | Noticed a deep elf pyromancer
   509 | D        | Noticed a manticore
   509 | D        | Noticed a slime creature
   511 | D        | Killed a slime creature
   511 | D        | Reached ****** piety under Uskayaw
   534 | D        | Reached skill level 12 in Stealth
   538 | D        | Killed a manticore
   539 | D        | Reached skill level 10 in Unarmed Combat
   540 | D        | Killed a deep elf pyromancer
   541 | D        | Reached skill level 10 in Fighting
   541 | D        | Reached skill level 13 in Stealth
   541 | D        | Reached XP level 9. HP: 24/46 MP: 9/16
   542 | D        | Killed a six-headed hydra
   543 | D        | Reached skill level 14 in Stealth
   544 | D        | Killed a six-headed hydra
   889 | D        | Noticed an oklob plant
   889 | D        | Noticed a cane toad
   913 | D        | Killed from afar by an oklob plant
   914 | D        | Reached XP level 8. HP: -2/45 MP: 14/16
  1002 | D        | Noticed Erolcha
  1004 | D        | Noticed Erica
  1013 | D        | Killed Erolcha
  1014 | D        | Reached skill level 15 in Stealth
  1014 | D        | Reached XP level 9. HP: 28/48 MP: 17/17
  1015 | D        | Paralysed by Erica for 4 turns
  1017 | D        | HP: 1/48 [Erica/+2 scimitar of flaming (10)]
  1017 | D        | Slain by Erica
  1018 | D        | Reached XP level 8. HP: -3/45 MP: 16/16
  1020 | D        | Noticed Joseph
  1033 | D        | Killed Joseph
  1034 | D        | Reached skill level 10 in Invocations
  1448 | D        | Noticed a lindwurm
  1449 | D        | Noticed a lindwurm
  1460 | D        | Noticed a tyrant leech
  1460 | D        | Noticed a lindwurm
  1460 | D        | Noticed a tyrant leech
  1460 | D        | Killed a lindwurm
  1461 | D        | Reached skill level 15 in Dodging
  1461 | D        | Reached XP level 9. HP: 33/49 MP: 12/17
  1470 | D        | Killed a lindwurm
  1474 | D        | Killed a lindwurm
  1475 | D        | Reached skill level 16 in Stealth
  1482 | D        | Killed a tyrant leech
  1484 | D        | Killed a tyrant leech
  1831 | D        | Noticed a cane toad
  1831 | D        | Noticed a polar bear
  1831 | D        | Noticed a komodo dragon
  1841 | D        | Killed a cane toad
  1843 | D        | Killed a polar bear
  1845 | D        | Killed a komodo dragon
  1846 | D        | Reached XP level 10. HP: 32/54 MP: 19/19
  1855 | D        | Reached skill level 17 in Stealth
  1885 | D        | Killed an oklob plant
  1890 | D        | Killed a cane toad
  2771 | D        | Noticed an orc knight
  2790 | D        | Killed an orc knight
  2828 | D        | Reached skill level 18 in Stealth
  2866 | D        | Reached XP level 11. HP: 33/58 MP: 16/21
  3130 | D        | Found Soilod's Book Boutique.
  3130 | D        | Noticed a deep troll
  3130 | D        | Noticed an ogre mage
  3133 | D        | Found Puquolev's Armour Shop.
  3136 | D        | Killed an ogre mage
  3137 | D        | Noticed a deep troll
  3139 | D        | Found Quunlaath's Jewellery Boutique.
  3142 | D        | Found Suutaaj's Jewellery Shop.
  3142 | D        | Noticed an ogre mage
  3142 | D        | Noticed a deep troll
  3144 | D        | Killed a deep troll
  3147 | D        | Noticed an ettin
  3149 | D        | Noticed a deep troll
  3151 | D        | Killed an ettin
  3155 | D        | Killed a deep troll
  3156 | D        | Reached skill level 19 in Stealth
  3162 | D        | Killed an ogre mage
  3167 | D        | Killed a deep troll
  3171 | D        | Killed a deep troll
  3668 | D        | Bought the ring of Ciuj {Str+4 Dex+6} for 514 gold pieces
  3668 | D        | Bought a +4 ring of slaying for 780 gold pieces
  3736 | D        | Killed Erica
  3813 | D        | Noticed a brown ugly thing
  3813 | D        | Noticed a centaur warrior
  3813 | D        | Noticed a four-headed hydra
  3813 | D        | Noticed a boulder beetle
  3814 | D        | Noticed a fire dragon
  3825 | D        | Killed a boulder beetle
  3826 | D        | Reached skill level 15 in Unarmed Combat
  3826 | D        | Noticed a fire dragon
  3832 | D        | Killed a four-headed hydra
  3833 | D        | Noticed a fire dragon
  3835 | D        | Reached skill level 20 in Stealth
  3837 | D        | Killed a centaur warrior
  3837 | D        | Noticed a stone giant
  3838 | D        | Reached skill level 15 in Fighting
  3838 | D        | Gained mutation: Your thick and shaggy fur keeps you warm.
                  | (AC +3, rC+) [Felid growth]
  3838 | D        | Reached XP level 12. HP: 47/65 MP: 23/23
  3842 | D        | Noticed a stone giant
  3842 | D        | Noticed an ice dragon
  3842 | D        | Noticed a tengu warrior
  3842 | D        | Noticed a frost giant
  3843 | D        | Killed a fire dragon
  3843 | D        | Killed a stone giant
  3845 | D        | Killed a fire dragon
  3852 | D        | Killed a fire dragon
  3855 | D        | Killed a tengu warrior
  3856 | D        | Killed a stone giant
  3857 | D        | Reached skill level 21 in Stealth
  3858 | D        | Killed an ice dragon
  3861 | D        | Killed a frost giant
  4374 | D        | Noticed Agnes
  4381 | D        | Killed Agnes
  4382 | D        | Reached skill level 15 in Invocations
  4414 | D        | Noticed an anaconda
  5348 | D        | Killed an anaconda
  5349 | D        | Reached skill level 22 in Stealth
  5837 | D        | Noticed an alligator
  5837 | D        | Noticed an alligator
  5837 | D        | Noticed an eleionoma
  5839 | D        | Killed an eleionoma
  5840 | D        | Reached XP level 13. HP: 71/71 MP: 25/25
  5842 | D        | Noticed a bunyip
  6487 | D        | Killed a bunyip
  6971 | D        | Noticed an emperor scorpion
  6978 | D        | Killed an emperor scorpion
  7551 | D        | Reached skill level 23 in Stealth
  8377 | D        | Blown up by an orb spider
  8378 | D        | Reached XP level 12. HP: -8/68 MP: 23/25
  8656 | D        | Noticed a merfolk avatar
  8656 | D        | Noticed a merfolk javelineer
  8656 | D        | Noticed an alligator snapping turtle
  8659 | D        | Noticed a merfolk javelineer
  8663 | D        | Slain by a merfolk javelineer
  8664 | D        | Reached XP level 11. HP: -2/64 MP: 24/24
  8894 | D        | Killed an alligator snapping turtle
  8970 | D        | Killed a merfolk javelineer
  8972 | D        | Killed a merfolk avatar
  9349 | D        | Killed a sea snake
  9359 | D        | Killed a merfolk javelineer
  9393 | D        | Noticed a merfolk impaler
  9393 | D        | Slain by a merfolk impaler

Illustrated notes

Levels and vault maps discovered:
D:        linesprint [early_d, line_temple, items_1, d_10, items_2, lair_1,
          lair_end, items_3, orc_1, orc_end, items_4, d_15, swamp_1, shoals_1,
          snake_1, spider_1, d_20, vaults_1, items_5, swamp_end, shoals_end,
          snake_end, spider_end, vaults_end, d_27, items_6, zot_1, zot_end,
          crypt_end, forest_end, elf_end, slime_end, tomb_end, abyss_end,
          pan_hell_end]

Skill      XL: |  1  2  3  4  5  6  7  8  9 10 11 12 13 |
---------------+----------------------------------------+-----
Stealth        | 2 4 6 8 10 11 15 16 18 20 22 23 | 23.8
Fighting       | 4 5 6 8 10 12 13 15 16 17 | 17.7
Dodging        | 5 7 8 10 11 15 16 17 19 22 21 | 22.4
Unarmed Combat | 5 7 8 9 12 11 13 15 16 17 | 17.9
Invocations    | 3 5 6 10 11 12 13 15 16 | 16.9

Action                   |  1- 3 |  4- 6 |  7- 9 | 10-12 | 13-15 || total
-------------------------+-------+-------+-------+-------+-------++-------
Melee: Unarmed           |    20 |    13 |    88 |   225 |    54 ||   400
       Bite              |     2 |     1 |    19 |    26 |     7 ||    55
       Punch             |       |     2 |    13 |    17 |     7 ||    39
Invok: Line Pass         |       |       |     6 |    17 |     3 ||    26
  Use: Potion            |     2 |     2 |     4 |    12 |     1 ||    21
       Scroll            |       |       |       |     2 |     1 ||     3
 Stab: Sleeping          |     2 |       |     4 |     7 |       ||    13
       Invisible         |       |     2 |       |       |       ||     2
       Paralysed         |       |     1 |     5 |    15 |     5 ||    26
       Confused          |       |       |     1 |    12 |     2 ||    15
       Distracted        |       |       |       |     3 |     2 ||     5
Armor: Skin              |       |       |     2 |     4 |       ||     6
Dodge: Dodged            |    12 |     8 |    59 |   165 |    73 ||   317
